 Dungeon Crawl Stone Soup version 0.25-a0-510-ge065f6de7d (webtiles) character file.

Game seed: 14156894220428799867, levelgen mode: deterministic

52568 Error4North the Cleaver (level 14, -1/124 HPs)
             Began as a Hill Orc Fighter on Feb 11, 2020.
             Was a High Priest of Okawaru.
             Slain by Aizul (6 damage)
             ... on level 1 of the Spider Nest on Feb 15, 2020.
             The game lasted 01:36:59 (21071 turns).

Error4North the Cleaver (Hill Orc Fighter)         Turns: 21071, Time: 01:37:00

Health: -1/124     AC: 27    Str: 17    XL:     14   Next: 64%
Magic:  3/22       EV: 12    Int: 14    God:    Okawaru [*****.]
Gold:   978        SH: 20    Dex: 11    Spells: 22/24 levels left

rFire    . . .     SeeInvis .   C - +10 mace of Onenao {vamp, rElec rPois rN+}
rCold    + . .     Gourm    .   V - +6 kite shield of Zygibilo {rElec MR+ Str-5 Stlth+}
rNeg     + . .     Faith    .   L - +2 plate armour {rPois}
rPois    +         Spirit   .   G - +0 helmet
rElec    +         Reflect  .   H - +2 cloak {+Inv}
rCorr    .         Harm     +   r - +0 pair of gloves
MR       ++...                  F - +0 pair of boots
Stlth    ..........             c - amulet of harm
HPRegen  0.30/turn              d - +3 ring of evasion
MPRegen  0.18/turn              S - ring of protection from cold

@: brilliant, heroism
A: no striking features
a: Heroism, Finesse, Renounce Religion, Evoke Invisibility


You were on level 1 of the Spider Nest.
You worshipped Okawaru.
Okawaru was extremely pleased with you.
You were not hungry.

You visited 5 branches of the dungeon, and saw 22 of its levels.
You also visited: Sewer and Volcano.

You collected 1330 gold pieces.
You spent 352 gold pieces at shops.

Inventory:

Hand Weapons
 s - the +4 broad axe "Killer Bee's Bane" {speed, MR+ Dex+3}
   (Okawaru gifted it to you on level 10 of the Dungeon)

   Attacks with this weapon are significantly faster.
   It affects your dexterity (+3).
   It affects your resistance to hostile enchantments.
 C - the +10 mace of Onenao (weapon) {vamp, rElec rPois rN+}
   (You found it on level 10 of the Dungeon)

   It inflicts no extra harm, but heals its wielder when it wounds a living foe.
   It insulates you from electricity.
   It protects you from poison.
   It protects you from negative energy.
 Y - a +1 vorpal hand axe
Missiles
 u - 11 boomerangs (quivered)
 v - 6 boomerangs of dispersal
Armour
 b - a +0 cloak of magic resistance
 j - a scarf of spirit shield
 r - a +0 pair of gloves (worn)
 F - a +0 pair of boots (worn)
 G - a +0 helmet (worn)
 H - a +2 cloak of invisibility (worn)
 L - a +2 plate armour of poison resistance (worn)
 V - the +6 kite shield of Zygibilo (worn) {rElec MR+ Str-5 Stlth+}
   (You found it on level 3 of the Lair of Beasts)

   It affects your strength (-5).
   It insulates you from electricity.
   It affects your resistance to hostile enchantments.
   It makes you more stealthy.
Jewellery
 c - an amulet of harm (around neck)
 d - a +3 ring of evasion (left hand)
 z - an uncursed ring of see invisible
 K - an uncursed ring of wizardry
 S - a ring of protection from cold (right hand)
Wands
 l - a wand of flame (42)
 t - a wand of disintegration (23)
 E - a wand of enslavement (1)
 O - a wand of acid (19)
 P - a wand of iceblast (11)
Scrolls
 h - 7 scrolls of identify
 i - 2 scrolls of enchant weapon
 n - 11 scrolls of teleportation
 p - a scroll of magic mapping
 q - 7 scrolls of amnesia {unknown}
 w - 5 scrolls of blinking
 x - 5 scrolls of remove curse
 A - 3 scrolls of fog {unknown}
 B - 2 scrolls of fear {unknown}
 Q - 2 scrolls of brand weapon {unknown}
 U - a scroll of enchant armour
 X - a scroll of vulnerability {unknown}
Potions
 a - 3 potions of berserk rage
 e - a potion of mutation {unknown}
 g - 5 potions of flight
 k - 3 potions of curing
 m - a potion of ambrosia
 o - 3 potions of magic
 M - a potion of invisibility
 N - 2 potions of brilliance
 R - 4 potions of agility {unknown}
 T - 3 potions of degeneration {unknown}
Miscellaneous
 y - a phial of floods
 I - a lightning rod (4/4)
 J - a phantom mirror
 W - a box of beasts
Comestibles
 f - 29 rations


   Skills:
 * Level 11.5(16.5) Fighting
 + Level 14.3(19.5) Axes
 + Level 2.7(13.6) Maces & Flails
 + Level 1.2(6.2) Throwing
 * Level 10.7(15.7) Armour
 + Level 1.7(6.7) Dodging
 + Level 1.4(6.4) Stealth
 * Level 12.3(17.3) Shields
 - Level 5.5 Spellcasting
 * Level 3.3 Charms
 * Level 3.1 Air Magic
 * Level 10.1 Invocations
 * Level 8.1 Evocations


You had 22 spell levels left.
You knew the following spells:

 Your Spells              Type           Power        Failure   Level  Hunger
a - Swiftness             Chrm/Air       ###.....     11%         2    ##.....

Your spell library contained the following spells:

 Spells                   Type           Power        Failure   Level  Hunger
 Shock                    Conj/Air       ###.         14%         1    None
 Summon Butterflies       Summ           ##......     24%         1    None
 Static Discharge         Conj/Air       ###.....     34%         3    ###....
 Airstrike                Air            ###.......   50%         4    ####...
 Call Canine Familiar     Summ           ##......     54%         3    ###....
 Summon Ice Beast         Ice/Summ       ##......     87%         4    ####...
 Lightning Bolt           Conj/Air       ###.......   94%         5    ######.
 Summon Mana Viper        Hex/Summ       ##......     99%         5    ######.
 Summon Hydra             Summ           ##........   100%        7    #######


Dungeon Overview and Level Annotations

Branches:
Dungeon (14/15)            Temple (1/1) D:7            Lair (4/6) D:10
 Shoals (0/4) Lair:3       Spider (2/4) Lair:2          Orc (1/2) D:9
 Vaults (0/5) D:13          Sewer (visited)         Volcano (visited)

Altars:
Ashenzari
Cheibriados
Dithmenos
Elyvilon
Fedhas
Gozag
Hepliaklqana
Kikubaaqudgha
Makhleb
Nemelex Xobeh
Okawaru
Qazlal
Ru
Sif Muna
Trog
Uskayaw
Vehumet
Wu Jian
Xom
Yredelemnul
Zin
The Shining One
Lugonu

Shops:
D:7 [(**   D:8 =   D:9 =

Annotations:
D:6 2 transporters
Lair:1 exclusion: 2 oklob plants
Spider:1 Aizul
Spider:2 Louise


Message History

Aizul is heavily wounded.
You feel sick. Aizul casts a spell at you.
You fall asleep.
You feel very sick. Aizul hits you!!
You wake up.
* * * LOW HITPOINT WARNING * * *
You block Aizul's attack.
You feel better. Aizul hits you!
* * * LOW HITPOINT WARNING * * *
You hit Aizul.
Aizul is heavily wounded.
Aizul coils herself and waves her upper body at you.
The bolt of poison hits you. You resist.
* * * LOW HITPOINT WARNING * * *
Aizul hits you but does no damage.
You miss Aizul.
Aizul is heavily wounded.
Aizul hits you.
You die...

...#####<.....# #(.#^..........
####..........# #####...#...#..^
...#........######...#...#...#...
.^............#..#..^#..##...##..
#.......##....#......####.....##.
^.......#^...........####......##
........#..........###[.#.......#
####^...####............#.......#
........#.......@.......#...#.###
.......##.......#S......#..####
.......#........##....######
.......#.........##.......##
....#..#..##......#........##
....#######......>#.........#
#....## #.....###.........#
......# ###.....#...#.#.###
....^.#####.......#...#####


You could see Aizul.

Vanquished Creatures
  Agnes (Spider:2)
  A blizzard demon (D:12)
  The ghost of Error4North the Cleaver, a journeyman HOFi of Okawaru (D:12)
  Snorg (Lair:3)
  An ogre mage (Volcano)
  4 hydras
  2 dancing weapons (D:13)
  6 two-headed ogres
  A death yak (Lair:2)
  A hell knight (Volcano)
  An unseen horror (D:12)
  Pikel (D:4)
  The ghost of MisterFreud the Cudgeler, a novice GnCK of Xom (D:5)
  A necromancer (D:9)
  An ugly thing (D:11)
  3 cyclopes
  7 wolf spiders
  3 orb spiders
  A manticore (D:13)
  A merfolk siren (Lair:3)
  A torpor snail (Lair:2)
  2 molten gargoyles (Volcano)
  4 spiny frogs
  2 rime drakes
  2 komodo dragons
  6 demonic crawlers
  4 ice devils (D:12)
  A meliai (D:13)
  2 jumping spiders
  3 merfolk (Lair:3)
  3 trolls
  A polar bear (shapeshifter) (D:13)
  4 slime creatures (D:12)
  9 hippogriffs
  13 redbacks
  22 yaks
  A spriggan (D:8)
  A wyvern (D:7)
  5 tarantellas (Spider:1)
  2 fire bats (Volcano)
  A warg (D:9)
  5 basilisks
  A hungry ghost (D:12)
  2 steam dragons
  A soldier ant (D:10)
  Edmund (D:5)
  4 water moccasins
  Duvessa (D:5)
  2 hell hounds (Lair:1)
  An acid dragon (D:13)
  4 porcupines
  7 orc warriors
  5 necrophages
  4 ice beasts
  2 sky beasts (D:11)
  12 wolves (Lair:1)
  7 ogres
  5 phantoms
  10 centaurs
  5 crocodiles
  2 wyvern zombies
  4 big kobolds
  18 bullfrogs
  A gnoll sergeant (D:6)
  Dowan (D:5)
  5 scorpions
  10 killer bees
  An oklob sapling (D:7)
  7 wights
  2 howler monkeys (D:7)
  4 electric eels (D:10)
  3 crimson imps
  6 lava snakes (Volcano)
  2 bullfrog zombies
  3 centaur zombies
  2 bullfrog skeletons
  12 hounds
  8 jellies
  4 orc priests
  5 centaur skeletons
  13 orc wizards
  4 iguanas
  2 polar bear simulacra (D:9)
  9 worker ants
  3 wolf simulacra (D:9)
  3 yak simulacra (D:9)
  2 bullfrog simulacra (D:12)
  6 centaur simulacra (D:12)
  2 hound skeletons (D:7)
  A worker ant zombie (D:7)
  18 adders
  5 gnolls (D:6)
  A howler monkey skeleton (D:11)
  2 river rats (Sewer)
  A shadow imp (D:10)
  2 oozes (Sewer)
  An adder skeleton (D:6)
  3 worms
  A dart slug (D:1)
  3 leopard geckos
  39 orcs
  5 ball pythons
  6 bats
  9 giant cockroaches
  10 goblins
  9 hobgoblins
  4 jackals
  4 quokkas
  10 frilled lizards
  27 kobolds
  2 leopard gecko skeletons
  A leopard gecko zombie (D:7)
  10 rats
  3 river rat simulacra (D:9)
  2 demonic plants (Temple)
  6 plants
536 creatures vanquished.

Vanquished Creatures (others)
  Eustachio (D:4)
  A slave (D:4)
  An ogre (D:4)
  An orc priest (D:4)
  A hound (D:4)
  An orc wizard (D:4)
  An iguana (D:4)
  A worker ant (D:4)
  An ooze (D:4)
  2 orcs (D:4)
  2 quokkas
  7 plants
20 creatures vanquished.

Grand Total: 556 creatures vanquished

Notes
Turn   | Place    | Note
-------+----------+-------------------------------------------
     0 | D:1      | Error4North the Hill Orc Fighter began the quest for the
                  | Orb.
     0 | D:1      | Reached XP level 1. HP: 19/19 MP: 1/1
    55 | D:1      | Reached XP level 2. HP: 22/27 MP: 2/2
   331 | D:1      | Reached skill level 3 in Axes
   360 | D:1      | Reached XP level 3. HP: 33/33 MP: 3/3
   689 | D:2      | Found a shattered altar of Ashenzari.
   931 | D:2      | Reached XP level 4. HP: 22/40 MP: 4/4
  1474 | D:2      | Noticed a phantom
  1509 | D:2      | Killed a phantom
  1509 | D:2      | Reached skill level 4 in Axes
  1509 | D:2      | Reached XP level 5. HP: 40/47 MP: 5/5
  1915 | D:3      | Found a glowing drain.
  1923 | Sewer    | Entered a sewer
  2026 | Sewer    | Reached XP level 6. HP: 28/53 MP: 6/6
  2208 | Sewer    | Reached skill level 5 in Axes
  2208 | Sewer    | Reached skill level 1 in Spellcasting
  2574 | Sewer    | Reached skill level 1 in Evocations
  2686 | D:3      | Found an opulent altar of Gozag.
  2724 | D:3      | Reached skill level 5 in Shields
  2728 | D:3      | Found an iron altar of Okawaru.
  2745 | D:3      | Became a worshipper of Warmaster Okawaru
  3099 | D:4      | Noticed a slave
  3100 | D:4      | Noticed Pikel
  3100 | D:4      | Noticed a slave
  3101 | D:4      | Noticed a slave
  3102 | D:4      | Noticed a slave
  3109 | D:4      | Killed Pikel
  3109 | D:4      | Reached * piety under Okawaru
  3109 | D:4      | Reached skill level 6 in Axes
  3109 | D:4      | Reached skill level 5 in Armour
  3109 | D:4      | Reached XP level 7. HP: 53/60 MP: 7/9
  3245 | D:4      | Reached skill level 5 in Fighting
  3245 | D:4      | Reached XP level 8. HP: 42/68 MP: 10/10
  3248 | D:4      | Reached ** piety under Okawaru
  3500 | D:4      | Found a stormy altar of Qazlal.
  3882 | D:5      | Entered Level 5 of the Dungeon
  3882 | D:5      | Noticed Eustachio
  3882 | D:5      | Noticed Duvessa
  3882 | D:5      | Noticed Dowan
  3972 | D:4      | Killed Eustachio
  3972 | D:4      | Reached skill level 1 in Invocations
  4198 | D:5      | Found a blossoming altar of Fedhas.
  4682 | D:5      | Killed Duvessa
  4696 | D:5      | Killed Dowan
  4884 | D:5      | Noticed Edmund
  4902 | D:5      | Killed Edmund
  4902 | D:5      | Reached skill level 1 in Maces & Flails
  5039 | D:5      | Found a runed translucent door.
  5041 | D:5      | Noticed MisterFreud's ghost (novice GnCK)
  5048 | D:5      | Reached skill level 7 in Axes
  5059 | D:5      | Killed MisterFreud's ghost
  5059 | D:5      | Reached XP level 9. HP: 30/75 MP: 10/12
  5410 | D:5      | Found a blossoming altar of Fedhas.
  5493 | D:5      | Reached skill level 1 in Dodging
  5927 | D:6      | Found an ornate altar of the Wu Jian Council.
  5927 | D:6      | Noticed a jumping spider
  5930 | D:6      | Found a transporter.
  5939 | D:6      | Found a transporter.
  5961 | D:6      | Noticed an orb spider
  5961 | D:6      | a jumping spider changed into an orb spider
  5982 | D:6      | Found a radiant altar of Vehumet.
  5998 | D:6      | an orb spider changed into a warg
  6308 | D:6      | Found a white marble altar of Elyvilon.
  6374 | D:6      | Reached skill level 8 in Axes
  6834 | D:6      | Noticed a deep troll
  6885 | D:6      | Reached *** piety under Okawaru
  7193 | D:7      | Found a staircase to the Ecumenical Temple.
  7256 | D:7      | Found an ancient bone altar of Kikubaaqudgha.
  7307 | D:7      | Found Azydit's Armour Emporium.
  7327 | D:7      | Reached XP level 10. HP: 83/83 MP: 14/14
  7705 | D:7      | Got an ancient amber ring
  7733 | D:7      | Identified the cursed ring "Bacaex" {Str+4 Int-2} (You
                  | found it on level 7 of the Dungeon)
  7932 | D:7      | Found Motorr's Assorted Antiques.
  7950 | D:7      | Found Lapti's Assorted Antiques.
  8162 | D:7      | Reached **** piety under Okawaru
  8302 | D:7      | Found a burning altar of Makhleb.
  8384 | D:7      | Found Witufol's Weapon Boutique.
  8481 | Temple   | Entered the Ecumenical Temple
  8686 | D:8      | Reached skill level 9 in Axes
  8734 | D:8      | Noticed a two-headed ogre
  8744 | D:8      | Killed a two-headed ogre
  8828 | D:8      | Found Risoheol's Jewellery Emporium.
  8918 | D:8      | Found a shimmering blue altar of Sif Muna.
  8998 | D:8      | Reached skill level 5 in Invocations
  9023 | D:8      | Found a sacrificial altar of Ru.
  9170 | D:7      | Bought a +1 plate armour of poison resistance for 352 gold
                  | pieces
  9304 | D:9      | Found a staircase to the Orcish Mines.
  9344 | D:9      | Found Wyifimuu's Jewellery Shop.
  9387 | D:9      | Reached ***** piety under Okawaru
  9419 | D:9      | Found a hide-covered altar of Uskayaw.
  9428 | D:9      | Noticed a necromancer
  9439 | D:9      | Killed a necromancer
  9439 | D:9      | Reached skill level 5 in Evocations
  9439 | D:9      | Reached XP level 11. HP: 22/89 MP: 14/16
  9795 | D:9      | Found a shimmering altar of Xom.
  9866 | D:9      | Found a glowing golden altar of the Shining One.
  9962 | D:9      | Reached skill level 10 in Axes
 10691 | D:9      | Found a basalt altar of Yredelemnul.
 10691 | D:9      | Found a shadowy altar of Dithmenos.
 10691 | D:9      | Found a snail-covered altar of Cheibriados.
 11172 | D:9      | Upgraded the game from 0.25-a0-492-g44cc58d149 to
                  | 0.25-a0-510-ge065f6de7d
 11175 | Orc:1    | Entered Level 1 of the Orcish Mines
 11175 | Orc:1    | Noticed a stone giant
 11175 | Orc:1    | Noticed an orc knight
 11218 | D:10     | Entered Level 10 of the Dungeon
 11356 | D:10     | Got a steaming mace
 11357 | D:10     | Identified the +10 mace of Onenao {vamp, rElec rPois rN+}
                  | (You found it on level 10 of the Dungeon)
 11381 | D:10     | Received a gift from Okawaru
 11396 | D:10     | Got an ancient broad axe {god gift}
 11398 | D:10     | Identified the +4 broad axe "Killer Bee's Bane" {speed, MR+
                  | Dex+3} (Okawaru gifted it to you on level 10 of the
                  | Dungeon)
 11585 | D:10     | Noticed a two-headed ogre
 11615 | D:10     | Killed a two-headed ogre
 11615 | D:10     | Reached skill level 10 in Shields
 11791 | D:10     | Found a staircase to the Lair.
 12698 | D:11     | Reached skill level 11 in Axes
 12763 | D:11     | Noticed a cyclops
 12780 | D:11     | Reached XP level 12. HP: 86/102 MP: 15/19
 13616 | D:12     | Noticed Error4North's ghost (journeyman HOFi)
 13637 | D:12     | Found a runed translucent gate.
 13637 | D:12     | Found a runed translucent gate.
 13637 | D:12     | Found a runed translucent gate.
 13826 | D:12     | Received a gift from Okawaru
 14032 | D:12     | Noticed a blizzard demon
 14143 | D:12     | Reached skill level 5 in Spellcasting
 14472 | D:12     | Reached skill level 12 in Axes
 14497 | D:12     | Killed Error4North's ghost
 14688 | D:12     | Killed a blizzard demon
 14688 | D:12     | Received a gift from Okawaru
 15015 | D:12     | Got the ring "Irioc" {Fire}
 15116 | D:13     | Found a gate to the Vaults.
 15126 | D:13     | Reached XP level 13. HP: 104/112 MP: 19/21
 15563 | D:13     | Reached skill level 10 in Fighting
 15682 | D:13     | Reached skill level 13 in Axes
 16058 | Lair:1   | Entered Level 1 of the Lair of Beasts
 16085 | Lair:1   | Learned a level 2 spell: Swiftness
 16191 | Lair:1   | Found a dark tunnel.
 16202 | Volcano  | Entered a volcano
 16569 | Volcano  | Found a radiant altar of Vehumet.
 16569 | Volcano  | Noticed an ogre mage
 16573 | Volcano  | Killed an ogre mage
 16573 | Volcano  | Reached skill level 10 in Armour
 16573 | Volcano  | Reached skill level 1 in Stealth
 16573 | Volcano  | Reached skill level 1 in Charms
 16579 | Volcano  | Reached skill level 1 in Air Magic
 18171 | Lair:2   | Received a gift from Okawaru
 18619 | Lair:2   | Reached XP level 14. HP: 121/121 MP: 22/22
 18624 | Lair:2   | You fall into a shaft and drop 2 floors!
 18671 | Lair:3   | Got a jewelled kite shield
 18679 | Lair:3   | Found a staircase to the Shoals.
 18696 | Lair:3   | Reached skill level 14 in Axes
 19129 | Lair:3   | Noticed Snorg
 19145 | Lair:3   | Killed Snorg
 19584 | Lair:2   | Identified the +6 kite shield of Zygibilo {rElec MR+ Str-5
                  | Stlth+} (You found it on level 3 of the Lair of Beasts)
 19708 | Lair:2   | Found a hole to the Spider Nest.
 19837 | Spider:1 | Entered Level 1 of the Spider Nest
 20322 | Spider:1 | Reached skill level 10 in Invocations
 20752 | Spider:2 | Noticed Agnes
 20781 | Spider:2 | Killed Agnes
 20819 | Spider:2 | Reached skill level 1 in Throwing
 20895 | Spider:2 | Received a gift from Okawaru
 21036 | Spider:2 | Noticed Aizul
 21040 | Spider:2 | Identified the +4 tower shield of the Wild Haggis {Str+6}
 21040 | Spider:2 | Noticed Louise
 21070 | Spider:1 | HP: 5/124 [Aizul/bolt of poison (2)]
 21071 | Spider:1 | Slain by Aizul

Levels and vault maps discovered:
D:1:      lemuel_arrival_hallway, layout_basic, minmay_crystal_room
D:2:      layout_basic, first_ration, lemuel_tele_altar
D:3:      layout_loops_cross, old_standard_altar, okawaru_ov_weapons_minmay,
          portal_sewer_entry_e, serial_park_tiny_pond,
          chequers_serial_rivers_micro_b
D:4:      layout_loops_ring, lemuel_doored_altar, uniq_pikel
D:5:      cheibrodos_thug_alley, layout_rooms, kennysheep_little_box,
          ebering_ghost_sewer_d, fedhas_altar_1, uniq_eustachio, uniq_duvessa,
          uniq_edmund
D:6:      layout_cave_pods, elyvilon_altar_4, gammafunk_temple_overflow_arena,
          vehumet_altar_wand_db
D:7:      minmay_the_grid_plus [minmay_the_grid_box_x,
          minmay_the_grid_tiny_cups, minmay_the_grid_garden, minmay_the_grid_x,
          minmay_the_grid_prize_shrinking_boxes], layout_cave_pools,
          makhleb_blood_cavern_becter, lemuel_round_altar,
          minmay_temple_entry_oklob, serial_shops, nicolae_shop_window_shopping,
          nicolae_shop_stone, shop, kennysheep_mini
D:8:      layout_rooms, nicolae_overflow_hidden_temple, old_standard_altar,
          serial_shops, nicolae_shop_trees, the_bakery
D:9:      layout_long_grid, old_standard_altar, kennysheep_mini_moat, tso_altar,
          gammafunk_temple_overflow_forgotten, orc_0_dummy, serial_shops, shop,
          eino_house_with_fridge
D:10:     layout_cave_pools, erik_lair_island, serial_bayou,
          serial_bayou_pond_b, serial_bayou_lake_a, serial_bayou_pond_b,
          serial_bayou_ford_a, kennysheep_cross_room, serial_park_tiny_pond
D:11:     layout_loops_cross
D:12:     layout_grid_maze, gammafunk_ghost_icy, kennysheep_generic_room_3
D:13:     layout_roguey, erik_vaults_1, grunt_decor_arrowhead
D:14:     layout_loops_ring, palyth_stone_intersect
Temple:   corrupted_temple
Lair:1:   layout_regular_city, enter_volcano_3, chequers_serial_rivers_marsh,
          grunt_megastairs_2, infiniplex_staircase_pool, serial_bayou_shore_b,
          minmay_lair_oklob_chamber, lemuel_fruit_tree
Lair:2:   layout_cave_shapes, dummy_spider_entry
Lair:3:   layout_chaotic_city, elwin_shoals_entry_stream, st_stairs_6,
          uniq_snorg
Lair:4:   layout_cave_pods
Spider:1: layout_spider_delve, drop_trap
Spider:2: layout_spider_delve, uniq_aizul, uniq_louise, uniq_agnes
Orc:1:    layout_caves, serial_shops, shop, uniq_jorgrun

Skill      XL: |  1  2  3  4  5  6  7  8  9 10 11 12 13 14 |
---------------+-------------------------------------------+-----
Fighting       | 4 5 6 8 9 10 11 | 11.5
Axes           | 3 4 6 7 8 9 11 12 13 14 | 14.3
Armour         | 4 5 6 8 9 10 | 10.7
Shields        | 4 5 6 8 9 10 11 12 | 12.3
Spellcasting   | 1 2 3 4 5 |  5.5
Evocations     | 2 3 5 6 7 8 |  8.1
Invocations    | 2 3 5 6 8 9 10 | 10.1
Maces & Flails | 1 2 |  2.7
Dodging        | 1 |  1.7
Stealth        | 1 |  1.4
Charms         | 2 3 |  3.3
Air Magic      | 2 3 |  3.1
Throwing       | 1 |  1.2

Action                   |  1- 3 |  4- 6 |  7- 9 | 10-12 | 13-15 || total
-------------------------+-------+-------+-------+-------+-------++-------
Melee: War axe           |   155 |   231 |   435 |   632 |       ||  1453
       Flail             |       |       |    26 |       |       ||    26
       Broad axe         |       |       |       |   482 |   503 ||   985
       Mace              |       |       |       |    45 |    85 ||   130
Throw: Boomerang         |       |       |    26 |     2 |    31 ||    59
Invok: Heroism           |       |       |     3 |    16 |     7 ||    26
       Finesse           |       |       |       |     6 |     3 ||     9
 Abil: Evoke Invisibilit |       |       |       |     2 |     1 ||     3
Evoke: Wand              |       |       |     1 |       |     2 ||     3
       Lightning rod     |       |       |       |       |     4 ||     4
  Use: Potion            |       |     1 |     6 |     4 |     3 ||    14
       Scroll            |       |       |     4 |    14 |     6 ||    24
 Stab: Invisible         |       |       |     1 |     7 |     7 ||    15
       Distracted        |       |       |       |       |     1 ||     1
  Eat: Chunk             |       |     8 |     4 |    15 |     9 ||    36
       Ration            |       |       |     3 |     4 |     3 ||    10
Armor: Scale mail        |    37 |       |       |       |       ||    37
       Plate armour      |    61 |   122 |   290 |   363 |   282 ||  1118
       Skin              |       |       |    28 |       |       ||    28
Dodge: Dodged            |    28 |    39 |   134 |   296 |   178 ||   675
Block: Kite shield       |    82 |   105 |   272 |   528 |   423 ||  1410

Table legend:
 A = Non-vault XP
 B = Vault XP
 C = Vault XP percentage of total XP
 D = Non-vault monster count
 E = Vault monster count
 F = Vault count percentage of total count
                 A         B        C        D         E       F
            +---------+---------+-------+---------+---------+-------
      Total |   47238 |   27860 |  37.1 |     378 |     151 |  28.5
            +---------+---------+-------+---------+---------+-------
        D:1 |      48 |       0 |   0.0 |      27 |       0 |   0.0
        D:2 |     184 |       0 |   0.0 |      20 |       0 |   0.0
        D:3 |      74 |      13 |  14.9 |      13 |       8 |  38.1
        D:4 |     159 |     835 |  84.0 |       4 |       2 |  33.3
        D:5 |     335 |    1225 |  78.5 |      14 |      16 |  53.3
        D:6 |     942 |     140 |  12.9 |      28 |       4 |  12.5
        D:7 |    1086 |    1535 |  58.6 |      27 |      21 |  43.8
        D:8 |    1271 |     215 |  14.5 |       7 |       1 |  12.5
        D:9 |    3388 |     869 |  20.4 |      40 |      12 |  23.1
       D:10 |    3788 |     938 |  19.8 |      31 |      14 |  31.1
       D:11 |    4664 |       0 |   0.0 |      36 |       0 |   0.0
       D:12 |    3561 |    5122 |  59.0 |      21 |      16 |  43.2
       D:13 |    3449 |    1808 |  34.4 |      29 |       2 |   6.5
     Lair:1 |    2480 |    2272 |  47.8 |      15 |      13 |  46.4
     Lair:2 |    7721 |       0 |   0.0 |      27 |       0 |   0.0
     Lair:3 |    2080 |    3442 |  62.3 |       3 |       6 |  66.7
     Lair:4 |     255 |       0 |   0.0 |       1 |       0 |   0.0
   Spider:1 |    8373 |       0 |   0.0 |      25 |       0 |   0.0
   Spider:2 |    3380 |    2276 |  40.2 |      10 |       1 |   9.1
      Sewer |       0 |     184 | 100.0 |       0 |      19 | 100.0
    Volcano |       0 |    6986 | 100.0 |       0 |      16 | 100.0
            +---------+---------+-------+---------+---------+-------
